 Dungeon Crawl Stone Soup version 0.25.1-2-g60ff931df9 (webtiles) character file.

Game seed: 1792775991442874022

25700 soggyman666 the Cleaver (level 12, -20/107 HPs)
             Began as a Minotaur Fighter on Nov 5, 2020.
             Was a High Priest of Trog.
             Engulfed by an ice statue's freezing vapour (29 damage)
             ... in an ice cave on Nov 6, 2020.
             The game lasted 00:44:59 (14347 turns).

soggyman666 the Cleaver (Minotaur Fighter)         Turns: 14347, Time: 00:45:00

Health: -20/107    AC: 18    Str: 32    XL:     12   Next: 91%
Magic:  17/17      EV:  8    Int:  5    God:    Trog [*****.]
Gold:   554        SH: 14    Dex: 10    Spells: 11/11 levels left

rFire    . . .     SeeInvis .   r - +1 war axe (drain)
rCold    . . .     Gourm    .   c - +1 kite shield
rNeg     . . .     Faith    .   y - +0 plate armour
rPois    .         Spirit   .   (helmet restricted)
rElec    .         Reflect  .   (no cloak)
rCorr    .         Harm     .   (no gloves)
MR       .....                  j - +2 pair of boots {Fly}
Stlth    ..........             (no amulet)
HPRegen  0.27/turn              e - +4 ring of slaying
MPRegen  0.15/turn              F - +6 ring of strength

@: flying
A: retaliatory headbutt, horns 2
a: Berserk, Trog's Hand, Brothers in Arms, Renounce Religion, Stop Flying


You were in an ice cave.
You worshipped Trog.
Trog was extremely pleased with you.
You were not hungry.

You visited 3 branches of the dungeon, and saw 15 of its levels.
You also visited: Ice Cave.

You collected 666 gold pieces.
You spent 112 gold pieces at shops.

Inventory:

Hand Weapons
 r - a +1 war axe of draining (weapon)
 u - a +6 vorpal mace
 x - the +3 flail of Exceptional Expedience {venom, rPois rC++ Str+9 Dex-4}
   (You found it on level 9 of the Dungeon)

   It poisons the flesh of those it strikes.
   It affects your strength (+9).
   It affects your dexterity (-4).
   It greatly protects you from cold.
   It protects you from poison.
 C - a +3 hand axe of freezing
Missiles
 z - a throwing net (quivered)
 B - 3 silver javelins
Armour
 c - a +1 kite shield (worn)
 j - a +2 pair of boots of flying (worn)
 y - a +0 plate armour (worn)
Jewellery
 e - a +4 ring of slaying (left hand)
 n - an uncursed ring of protection from fire
 F - a +6 ring of strength (right hand)
Wands
 q - a wand of iceblast (10)
 A - a wand of polymorph (24)
 E - a wand of flame (12)
 I - a wand of digging (7)
Scrolls
 h - 5 scrolls of remove curse
 o - a scroll of random uselessness {unknown}
 p - a scroll of teleportation
 v - 3 scrolls of enchant armour
 w - a scroll of magic mapping
 D - a scroll of fog
 G - 2 scrolls of brand weapon
 H - a scroll of fear {unknown}
Potions
 a - a potion of berserk rage
 b - 5 potions of heal wounds
 d - 2 potions of might
 i - 3 potions of haste
 l - a potion of cancellation
 m - 2 potions of curing
 s - a potion of invisibility
 t - a potion of ambrosia
Comestibles
 f - 24 rations
 J - 23 chunks of flesh


   Skills:
 + Level 10.3 Fighting
 + Level 14.7(14.9) Axes
 + Level 3.7(10.5) Maces & Flails
 + Level 10.7 Armour
 + Level 2.8 Dodging
 + Level 11.1 Shields
 * Level 8.8 Evocations


You had 11 spell levels left.
You didn't know any spells.
Your spell library contained the following spells:

 Spells                   Type           Power        Failure   Level  Hunger
 Beastly Appendage        Tmut           #.....       99%         1    ##.....
 Sticks to Snakes         Tmut           #.......     100%        2    ###....
 Spider Form              Tmut/Pois      #.........   100%        3    ####...
 Ice Form                 Ice/Tmut       #.......     100%        4    #####..
 Blade Hands              Tmut           #.........   100%        5    ######.


Dungeon Overview and Level Annotations

Branches:
Dungeon (12/15)            Temple (1/1) D:4            Lair (2/6) D:9
  IceCv (1/1)
  Swamp: Lair:2-4    Shoals: Lair:2-4     Snake: Lair:2-4    Spider: Lair:2-4
    Orc: D:9-12

Altars:
Ashenzari
Dithmenos
Elyvilon
Fedhas
Hepliaklqana
Makhleb
Trog
Xom
Yredelemnul

Shops:
D:6 (=   D:12 !*

Annotations:
D:12 1 runed translucent door, Xqipyl's ghost, journeyman GrFE IceCv exclusion: ice statue


Innate Abilities, Weirdness & Mutations

You reflexively headbutt those who attack you in melee.
You have a pair of horns on your head.


Message History

You headbutt the ice beast, but do no damage.
The ice beast is moderately wounded.
You are engulfed in freezing vapours.
The ice beast hits you but does no damage.
You are too injured to fight recklessly!
You are too injured to fight recklessly!
You are too injured to fight recklessly!
You are too injured to fight recklessly!
Unknown command.
You are too injured to fight recklessly!
You slash the ice beast!
The ice beast is severely wounded.
You are engulfed in freezing vapours.
* * * LOW HITPOINT WARNING * * *
You slice the ice beast!!
You kill the ice beast!
You are engulfed in freezing vapours.
* * * LOW HITPOINT WARNING * * *
You are engulfed in freezing vapours.
You die...

##...# ##†÷÷##
#...## #..##
##†.## ##..#
##..##
##.#†○°○#.##
#....°@○○..#
#.....○○8....#
#........#.....#
......###.......
..#### .......
## ......#
....### ..###


You could see an ice statue.

Vanquished Creatures
  Harold (D:9)
  3 hydras
  The ghost of Chimkentus the Cleaver, a novice HOFi (D:8)
  An ogre mage (D:10)
  3 two-headed ogres
  A centaur warrior (D:12)
  Pikel (D:7)
  A deep elf mage (D:12)
  2 manticores
  A centaur zombie (D:10)
  2 spiny frogs (Lair:1)
  Maggie (D:7)
  3 gargoyles (D:12)
  Psyche (D:8)
  A black mamba (Lair:1)
  A komodo dragon (Lair:1)
  2 kobold demonologists (D:11)
  6 polar bears (IceCv)
  3 trolls
  Grinder (D:6)
  7 blink frogs (Lair:1)
  7 hippogriffs
  A shadow (D:11)
  A wyvern (D:10)
  13 yaks
  A hungry ghost (D:8)
  4 vampire mosquitoes (D:12)
  A soldier ant (D:12)
  2 water moccasins
  4 orc warriors
  3 porcupines
  6 ice beasts
  2 sky beasts
  4 slaves (D:7)
  A phantom (D:4)
  3 wolves (IceCv)
  5 ogres
  5 centaurs
  3 crocodiles
  5 big kobolds
  11 bullfrogs
  3 scorpions
  12 killer bees
  8 wights
  3 howler monkeys
  9 crimson imps
  A bullfrog zombie (D:6)
  3 quasits
  4 hounds
  5 orc priests
  6 jellies
  Crazy Yiuf (D:7)
  2 centaur skeletons
  9 orc wizards
  An iguana (D:7)
  9 worker ants
  A hound skeleton (D:6)
  2 worker ant zombies
  4 gnolls (D:5)
  13 adders
  4 shadow imps
  12 white imps (Lair:2)
  8 oozes
  An adder skeleton (D:5)
  7 worms
  4 dart slugs
  6 leopard geckos
  25 orcs
  6 giant cockroaches
  6 goblins
  11 hobgoblins
  4 jackals (D:4)
  14 kobolds
  4 quokkas
  A ball python (D:7)
  10 bats
  5 frilled lizards
  A jackal skeleton (D:6)
  2 leopard gecko skeletons
  A quokka skeleton (D:4)
  8 rats
  A plant (Lair:1)
362 creatures vanquished.

Vanquished Creatures (others)
  2 fungi
  5 plants (D:12)
7 creatures vanquished.

Grand Total: 369 creatures vanquished

Notes
Turn   | Place    | Note
-------+----------+-------------------------------------------
     0 | D:1      | soggyman666 the Minotaur Fighter began the quest for the
                  | Orb.
     0 | D:1      | Reached XP level 1. HP: 19/19 MP: 0/0
    85 | D:1      | Reached XP level 2. HP: 24/27 MP: 1/1
   606 | D:1      | Reached XP level 3. HP: 33/33 MP: 2/2
   637 | D:2      | Reached skill level 3 in Axes
  1302 | D:2      | Reached XP level 4. HP: 40/40 MP: 3/3
  2228 | D:3      | Found a white marble altar of Elyvilon.
  2229 | D:3      | Found a burning altar of Makhleb.
  2232 | D:3      | Found a bloodstained altar of Trog.
  2318 | D:3      | Became a worshipper of Trog the Wrathful
  2383 | D:4      | Reached XP level 5. HP: 47/47 MP: 4/4
  2398 | D:4      | Reached skill level 4 in Axes
  2398 | D:4      | Reached skill level 1 in Dodging
  2480 | D:4      | Found a shattered altar of Ashenzari.
  2528 | D:4      | Noticed a phantom
  2564 | D:4      | Killed a phantom
  2564 | D:4      | Reached skill level 5 in Axes
  2564 | D:4      | Reached XP level 6. HP: 34/53 MP: 5/5
  2677 | D:4      | Found a staircase to the Ecumenical Temple.
  2688 | Temple   | Entered the Ecumenical Temple
  2719 | D:4      | Reached * piety under Trog
  2719 | D:4      | Reached skill level 5 in Armour
  2719 | D:4      | Reached skill level 5 in Shields
  3219 | D:4      | Reached skill level 1 in Evocations
  3328 | D:5      | Entered Level 5 of the Dungeon
  3412 | D:5      | Reached skill level 6 in Axes
  3412 | D:5      | Reached XP level 7. HP: 53/60 MP: 7/7
  3497 | D:5      | Reached skill level 5 in Fighting
  3925 | D:5      | Found a shadowy altar of Dithmenos.
  4674 | D:6      | Reached skill level 7 in Axes
  4674 | D:6      | Reached XP level 8. HP: 57/69 MP: 8/8
  4854 | D:6      | Reached ** piety under Trog
  4874 | D:6      | Reached skill level 8 in Axes
  4989 | D:6      | Found Sosti's Antique Weapon Boutique.
  5122 | D:6      | Found Ferer's Jewellery Boutique.
  5187 | D:6      | Noticed Grinder
  5191 | D:6      | Paralysed by Grinder for 7 turns
  5209 | D:6      | Paralysed by Grinder for 7 turns
  5222 | D:6      | Killed Grinder
  5540 | D:7      | Noticed Pikel
  5776 | D:7      | Reached skill level 9 in Axes
  5968 | D:7      | Reached XP level 9. HP: 75/75 MP: 9/11
  5980 | D:7      | Noticed Maggie
  5994 | D:7      | Killed Maggie
  6190 | D:7      | Killed Pikel
  6190 | D:7      | Reached skill level 10 in Axes
  6392 | D:7      | Found a basalt altar of Yredelemnul.
  6392 | D:7      | Found a blossoming altar of Fedhas.
  6393 | D:7      | Found a shimmering altar of Xom.
  6427 | D:7      | Noticed a manticore
  6435 | D:7      | Killed a manticore
  6435 | D:7      | Reached skill level 5 in Evocations
  6517 | D:7      | Found a runed translucent door.
  6518 | D:7      | Noticed Crazy Yiuf
  6646 | D:7      | Killed Crazy Yiuf
  7102 | D:8      | Reached *** piety under Trog
  7116 | D:8      | Reached XP level 10. HP: 83/86 MP: 11/13
  7131 | D:8      | Reached skill level 11 in Axes
  7142 | D:8      | Found a runed translucent door.
  7143 | D:8      | Noticed Chimkentus's ghost (novice HOFi)
  8278 | D:8      | Found a hazy altar of Hepliaklqana.
  8348 | D:8      | Noticed Psyche
  8360 | D:8      | Killed Psyche
  8763 | D:9      | Got a glimmering flail
  8764 | D:9      | Identified the +3 flail of Exceptional Expedience {venom,
                  | rPois rC++ Str+9 Dex-4} (You found it on level 9 of the
                  | Dungeon)
  8794 | D:9      | Noticed Harold
  8821 | D:9      | Killed Harold
  8824 | D:9      | Reached **** piety under Trog
  8826 | D:9      | Reached skill level 12 in Axes
  9363 | D:9      | Found a staircase to the Lair.
  9812 | Lair:1   | Entered Level 1 of the Lair of Beasts
  9830 | Lair:1   | Reached XP level 11. HP: 94/94 MP: 14/14
  9910 | D:10     | Entered Level 10 of the Dungeon
 10091 | D:10     | Noticed an ogre mage
 10101 | D:10     | Killed an ogre mage
 10263 | D:10     | Noticed a four-headed hydra
 10273 | D:10     | Killed a four-headed hydra
 10273 | D:10     | Reached skill level 1 in Maces & Flails
 10452 | D:10     | Noticed a two-headed ogre
 10459 | D:10     | Killed a two-headed ogre
 10459 | D:10     | Reached skill level 13 in Axes
 11229 | D:11     | You are sucked into a shaft and drop 1 floor!
 11305 | D:12     | Found Sazaut's Distillery.
 11324 | D:12     | Noticed a two-headed ogre
 11335 | D:12     | Killed a two-headed ogre
 11593 | D:12     | Noticed a seven-headed hydra
 11604 | D:12     | Killed an eight-headed hydra
 11604 | D:12     | Reached skill level 10 in Shields
 12100 | D:12     | Found a runed translucent door.
 12104 | D:12     | Identified the cursed +2 spear of the Puffin {freeze, *Slow
                  | rC- rN+++ MP+9}
 12104 | D:12     | Noticed a spriggan rider
 12104 | D:12     | Noticed Xqipyl's ghost (journeyman GrFE)
 12123 | D:12     | Reached XP level 12. HP: 104/104 MP: 16/16
 12154 | D:12     | Found Uniufed's Assorted Antiques.
 12162 | D:12     | Bought a scroll of identify for 56 gold pieces
 12162 | D:12     | Bought a scroll of identify for 56 gold pieces
 12254 | D:12     | Reached ***** piety under Trog
 12296 | D:12     | Noticed a centaur warrior
 12302 | D:12     | Killed a centaur warrior
 12827 | D:11     | Reached skill level 10 in Armour
 12858 | D:11     | Noticed a two-headed ogre
 12870 | D:11     | Killed a two-headed ogre
 13065 | D:8      | Killed Chimkentus's ghost
 13065 | D:8      | Reached skill level 14 in Axes
 13228 | Lair:1   | Noticed an eight-headed hydra
 13239 | Lair:1   | Killed an eight-headed hydra
 13395 | Lair:1   | Reached skill level 10 in Fighting
 13772 | Lair:1   | Received a gift from Trog
 14175 | Lair:2   | Found a frozen archway.
 14223 | IceCv    | Entered an ice cave
 14347 | IceCv    | Engulfed by an ice statue's freezing vapour

Illustrated notes

Levels and vault maps discovered:
D:1:      mrwooster_arrival_arrow, layout_loops_cross, minmay_splitting_lines
D:2:      layout_loops_corners
D:3:      layout_rooms, grunt_temple_overflow_diamond, first_ration
D:4:      layout_rooms, old_standard_altar, minmay_temple_entry_slanted
D:5:      layout_gridville, nicolae_dithmenos_the_darkroom
D:6:      layout_rooms, serial_shops, nicolae_shop_competitors_out_of_business,
          shop, uniq_grinder
D:7:      layout_loops_corners, gammafunk_temple_overflow_claw,
          minmay_misc_feat_pillars, minmay_misc_feat_ornament, uniq_maggie,
          uniq_crazy_yiuf_cottage, uniq_pikel
D:8:      layout_layer_cave, ebering_ghost_reflecting_pool, basic_altar,
          uniq_psyche
D:9:      layout_loops_cross, grunt_lair_entry_orc_guard_hut, uniq_harold
D:10:     minmay_diamond_stairs, layout_irregular_city,
          hangedman_little_slice_of_home, hangedman_abyss_or_decor_stabs,
          minmay_circle_x
D:11:     layout_basic, david_orc_4, enter_trove_6,
          nemelex_xobeh_ov_fountains_minmay
D:12:     minmay_chambers_of_sixes, layout_small_grid, serial_shops, shop, shop,
          ebering_ghost_funeral_grove
Temple:   jpeg_temple_clearing
Lair:1:   layout_chaotic_city
Lair:2:   layout_gridlike, portal_ice_cave_entry_imps, patterned_corridor
IceCv:    ice_cave_small_giant

Skill      XL: |  1  2  3  4  5  6  7  8  9 10 11 12 |
---------------+-------------------------------------+-----
Armour         | 4 5 6 7 8 9 10 | 10.7
Shields        | 4 5 6 7 8 10 11 | 11.1
Fighting       | 4 5 6 7 8 9 10 | 10.3
Axes           | 3 5 6 7 9 10 12 13 14 | 14.7
Dodging        | 1 2 |  2.8
Evocations     | 1 2 4 5 6 7 8 |  8.8
Maces & Flails | 2 3 |  3.7

Action                   |  1- 3 |  4- 6 |  7- 9 | 10-12 || total
-------------------------+-------+-------+-------+-------++-------
Melee: War axe           |    87 |   143 |   317 |   524 ||  1071
       Headbutt          |    11 |    18 |    51 |   126 ||   206
       Flail             |       |       |       |    19 ||    19
       Hand axe          |       |       |       |    42 ||    42
       Mace              |       |       |       |     5 ||     5
Throw: Throwing net      |       |       |       |     2 ||     2
Evoke: Wand              |       |       |       |     3 ||     3
  Use: Scroll            |     3 |     4 |     3 |    13 ||    23
       Potion            |       |       |       |     2 ||     2
 Stab: Held in net/web   |       |       |       |     1 ||     1
  Eat: Chunk             |     1 |     7 |    12 |    23 ||    43
       Ration            |       |       |       |     1 ||     1
Armor: Scale mail        |    10 |       |       |       ||    10
       Chain mail        |    28 |    73 |    85 |       ||   186
       Plate armour      |       |       |    79 |   337 ||   416
Dodge: Dodged            |    27 |    37 |    62 |   131 ||   257
Block: Kite shield       |    49 |    71 |   142 |   386 ||   648
